 Dungeon Crawl Stone Soup version 0.30.0-5-g1a98f26d00 (webtiles) character file.

Game seed: 857324270327911884

66 bmack86 the Trooper (level 3, -2/33 HPs)
             Began as a Minotaur Fighter on May 8, 2023.
             Slain by a cerulean imp
             ... wielding a +0 spear
             ... summoned by Natasha
              (4 damage)
             ... on level 2 of the Dungeon.
             The game lasted 00:02:06 (1142 turns).

bmack86 the Trooper (Minotaur Fighter)              Turns: 1142, Time: 00:02:07

Health: -2/33      AC:  8    Str: 22    XL:     3   Next: 96%
Magic:  2/2        EV:  9    Int:  5    God:
Gold:   61         SH:  4    Dex:  9    Spells: 2/2 levels left

rFire   . . .        a - +0 war axe
rCold   . . .        c - +0 buckler
rNeg    . . .        b - +0 scale mail
rPois   .            (helmet restricted)
rElec   .            (no cloak)
rCorr   .            (no gloves)
SInv    .            i - +0 pair of boots
Will    .....        (no amulet) Stlth
                     (no ring)
HPRegen 0.25/turn    (no ring)
MPRegen 0.08/turn

%: no passive effects
@: no status effects
A: horns 2, retaliatory headbutt
a: no special abilities


You were on level 2 of the Dungeon.
You visited 1 branch of the dungeon, and saw 2 of its levels.

You collected 61 gold pieces.

Inventory:

Hand Weapons
 a - a +0 war axe (weapon)
Armour
 b - a +0 scale mail (worn)
 c - a +0 buckler (worn)
 i - a +0 pair of boots (worn)
Jewellery
 h - a ring of positive energy
Potions
 d - a potion of might
 e - a potion of lignification {unknown}
 f - 2 potions of curing
 k - a potion of brilliance {unknown}


   Skills:
 + Level 4.2 Fighting
 * Level 3.7 Axes
 + Level 4.1 Armour
 + Level 4.1 Shields


You had 2 spell levels left.
You didn't know any spells.
Your spell library contained the following spells:

 Spells                   Type           Power      Damage    Failure   Level
 Slow                     Hex            0%         N/A       86%         1
 Confusing Touch          Hex            0%         N/A       99%         3
 Vampiric Draining        Necr           0%         2d6       99%         3


Dungeon Overview and Level Annotations

Branches:
Dungeon (2/15)

Altars:

Shops:
D:2 *

Annotations:
D:2 Natasha


Innate Abilities, Weirdness & Mutations

You have a pair of horns on your head.
You reflexively headbutt those who attack you in melee.


Message History

The cerulean imp barely misses you.
The cerulean imp hits you from afar with a +2 spear.
You block Natasha's attack. The cerulean imp closely misses you.
You barely miss Natasha.
Natasha is heavily wounded.
You miss the cerulean imp. You block the cerulean imp's attack.
Natasha claws you but does no damage.
The cerulean imp hits you with a +0 spear.
* * * LOW HITPOINT WARNING * * *
You completely miss Natasha.
Natasha is heavily wounded.
You closely miss the cerulean imp.
The cerulean imp hits you but does no damage.
Natasha claws you but does no damage.
The cerulean imp hits you but does no damage. x2
You closely miss Natasha.
Natasha is heavily wounded.
You completely miss the cerulean imp. Natasha casts a spell at you.
You resist with significant effort.
The cerulean imp hits you but does no damage.
The cerulean imp hits you from afar with a +2 spear.
* * * LOW HITPOINT WARNING * * *
Natasha closely misses you. The cerulean imp barely misses you.
You furiously retaliate!
You headbutt the cerulean imp! You barely miss Natasha. You headbutt Natasha.
Natasha is severely wounded.
You closely miss the cerulean imp.
The cerulean imp hits you but does no damage.
Natasha claws you but does no damage. The cerulean imp barely misses you.
A rat comes into view.
You barely miss Natasha.
Natasha is severely wounded.
You closely miss the cerulean imp.
The cerulean imp hits you from afar with a +2 spear.
* * * LOW HITPOINT WARNING * * *
Natasha claws you.
* * * LOW HITPOINT WARNING * * *
The cerulean imp hits you with a +0 spear.
You die...

#......### ..
#...r....###....
#....b..........
#...##.b..b.....
#...##...bb.....
##..b...bbb.b....
#.....b.bbbb.....
#....b.b.h5b.b..#
#...b..bb@b5bbb..
#...b.bbb.b......
##....b.bbbbb....
#.....b.........
#.....b##.......
#∩..b..# .b...b.
#......# b......
#....### .......
#.... ##.


You could see Natasha (ally target), 2 cerulean imps and a rat.

Vanquished Creatures
  Natasha (D:2)
  A gnoll (D:1)
  3 ball pythons
  5 endoplasms (D:1)
  A giant cockroach (D:1)
  2 goblins (D:1)
  A hobgoblin (D:1)
  4 jackals (D:1)
  2 kobolds (D:1)
  2 quokkas (D:1)
  2 bats
  4 rats
28 creatures vanquished.

Notes
Turn   | Place    | Note
-------+----------+-------------------------------------------
     0 | D:1      | bmack86 the Minotaur Fighter began the quest for the Orb.
     0 | D:1      | Reached XP level 1. HP: 19/19 MP: 0/0
   415 | D:1      | Reached XP level 2. HP: 27/27 MP: 1/1
   537 | D:1      | Reached XP level 3. HP: 33/33 MP: 2/2
  1008 | D:2      | Noticed Natasha
  1019 | D:2      | Killed Natasha
  1124 | D:2      | Found Vorghaire's Assorted Antiques.
  1125 | D:2      | Noticed Natasha
  1142 | D:2      | Slain by a cerulean imp

Illustrated notes

Levels and vault maps discovered:
D:1:      amcnicky_arrival_flooded_fountain, layout_basic, minmay_pentomino_r2
D:2:      layout_basic, serial_shops, shop, uniq_natasha

Skill      XL: |  1  2  3 |
---------------+----------+-----
Axes           | 3 |  3.7
Shields        | 4 |  4.1
Fighting       | 4 |  4.2
Armour         | 4 |  4.1

Action                     || total
---------------------------++-------
  Melee: War axe           ||    68
         Headbutt          ||    10
    Use: Scroll            ||     4
 Armour: Scale mail        ||    59
  Dodge: Dodged            ||    39
  Block: Buckler           ||    22
